 Dungeon Crawl Stone Soup version 0.23.2-1-ga50397a (webtiles) character file.

Game seed: 12938713986856472333

195 sankara the Ruffian (level 5, -6/41 HPs)
             Began as a Minotaur Transmuter on May 20, 2019.
             Mangled by an iron imp (8 damage)
             ... summoned by Natasha
             ... on level 3 of the Dungeon.
             The game lasted 00:08:35 (2682 turns).

sankara the Ruffian (Minotaur Transmuter)           Turns: 2682, Time: 00:08:36

Health: -6/41      AC:  2    Str: 14    XL:     5   Next: 45%
Magic:  5/6        EV: 12    Int: 16    God:
Gold:   186        SH:  0    Dex: 11    Spells: 3/6 levels left

rFire    . . .     SeeInvis +     - Unarmed
rCold    . . .     Gourm    .   (no shield)
rNeg     . . .     Faith    .   b - +0 robe
rPois    .         Spirit   .   (helmet restricted)
rElec    .         Reflect  .   (no cloak)
rCorr    .         Harm     .   (no gloves)
MR       .....                  (no boots)
Stlth    +.........             (no amulet)
HPRegen  0.13/turn              m - ring of see invisible {sInv, !d}
MPRegen  0.10/turn              (no ring)

@: brilliant, lethally poisoned (-6 -> -7), slowed, very slow
A: retaliatory headbutt, horns 2
a: no special abilities


You were on level 3 of the Dungeon.
You were not hungry.

You visited 1 branch of the dungeon, and saw 3 of its levels.

You collected 186 gold pieces.

Inventory:

Hand Weapons
 o - a +1 dagger of venom
   (You took it off Jessica on level 3 of the Dungeon)
Missiles
 a - 37 arrows
 e - 83 stones
 k - 5 javelins (quivered)
 s - 2 tomahawks
Armour
 b - a +0 robe (worn)
Jewellery
 j - an uncursed ring of ice {rC+, rF-}
   (You found it on level 2 of the Dungeon)
 m - a ring of see invisible (left hand) {sInv, !d}
   (You found it on level 2 of the Dungeon)
Scrolls
 c - 3 scrolls of enchant armour {unknown}
 h - 2 scrolls of amnesia {unknown}
 l - 2 scrolls of identify {unknown}
 n - a scroll of magic mapping {unknown}
 q - a scroll of random uselessness {unknown}
 r - a scroll of teleportation {unknown}
Potions
 f - 3 potions of lignification {unknown}
 i - 2 potions of might {unknown}
Comestibles
 d - 7 rations
 g - a chunk of flesh {@w0}


   Skills:
 + Level 2.1 Fighting
 + Level 2.7 Dodging
 * Level 5.5 Unarmed Combat
 - Level 1.3 Spellcasting
 + Level 2.8 Transmutations


You had 3 spell levels left.
You knew the following spells:

 Your Spells              Type           Power        Failure   Level  Hunger
a - Beastly Appendage     Tmut           ###...       1%          1    ##.....
b - Sticks to Snakes      Tmut           ###.....     1%          2    ###....

Your spell library contained the following spells:

 Spells                   Type           Power        Failure   Level  Hunger
 Spider Form              Tmut/Pois      ###.......   4%          3    ####...
 Ice Form                 Ice/Tmut       ###.....     13%         4    #####..
 Blade Hands              Tmut           ###.......   21%         5    ######.


Dungeon Overview and Level Annotations

Branches:
Dungeon (3/15)

Altars:
Gozag
Uskayaw
Vehumet
Zin

Annotations:
D:3 Natasha


Innate Abilities, Weirdness & Mutations

You reflexively headbutt those who attack you in melee.
You have a pair of horns on your head.


Message History

You see here a runed trident.
You start resting.
Some of the chunks of flesh in your inventory have rotted away.
HP restored.
Really walk into a travel-excluded area?
Okay, then.
Unknown command.
Casting: Beastly Appendage (safe; 10% risk of failure)
Confirm with . or Enter, or press ? or * to list all spells.
You create a snake!
You now have 37 arrows.
Casting: Sticks to Snakes (safe; 16% risk of failure)
Confirm with . or Enter, or press ? or * to list all spells.
Your feet morph into talons.
Really walk into a travel-excluded area?
You see here 2 gold pieces.
Marking area around Natasha as unsafe for travelling.
Natasha, Servant of Life and Death comes into view.
Natasha hisses angrily.
Ijyb shouts!
Natasha mumbles some strange words.
Natasha shimmers violently.
You barely miss Ijyb. Your kick misses Ijyb. Ijyb closely misses you.
Natasha stares at you and mumbles some strange words.
You feel yourself slow down.
You closely miss Ijyb.
Ijyb zaps a wand.
Your will is overpowered!
You are confused.
Your adder misses Ijyb. Ijyb screams, "I no like you!" Ijyb misses you.
Are you sure you want to stumble around while confused and next to your adder? [Y]es or [N]o only, please.
Are you sure you want to stumble around while confused and next to your adder?
Okay, then.
What are your orders? t - Shout!
Anything else - Cancel.
Okay, then.
Your transformation is almost over.
Your adder bites Ijyb but does no damage.
Your adder barely misses Ijyb.
Ijyb hits you.
Your adder bites Ijyb but does no damage.
Natasha claws you. Ijyb closely misses you.
Your adder bites Ijyb.
Natasha claws you.
Ijyb zaps a wand.
Your will is overpowered!
You are more confused.
Your adder barely misses Ijyb.
Natasha claws you but does no damage. Ijyb misses you.
Your adder bites Ijyb.
Your adder bites Ijyb but does no damage.
Natasha mumbles some strange words.
Ijyb barely misses you.
Your adder bites Ijyb.
Ijyb is poisoned.
Your adder poisons Ijyb!
Natasha claws you! Ijyb hits you but does no damage.
Your adder bites Ijyb.
Natasha claws you. Ijyb barely misses you. The crimson imp barely misses you.
Your adder barely misses Ijyb.
Your talons disappear.
Natasha barely misses you.
Your adder barely misses Ijyb.
Ijyb barely misses you. The crimson imp misses you.
Your adder barely misses Ijyb.
Natasha barely misses you. The crimson imp misses you. Ijyb barely misses you.
Your adder bites Ijyb but does no damage.
Natasha claws you. Ijyb barely misses you.
The crimson imp hits you but does no damage.
Your adder bites Ijyb.
Natasha closely misses you.
Your adder closely misses Ijyb.
Ijyb completely misses your adder.
The crimson imp blinks!
Natasha casts a spell.
Your adder misses Ijyb. Ijyb closely misses your adder.
Are you sure you want to stumble around while confused and next to your adder?
Okay, then.
Your adder barely misses Ijyb.
Natasha claws you.
Ijyb zaps a wand.
Your adder is enslaved!
The crimson imp blinks!
The adder bites you.
You are poisoned.
The adder poisons you!
You miss the adder. Your headbutt misses the adder.
You feel less confused.
You feel sick.
Ijyb looks more healthy.
The adder withers and dies!
Natasha claws you but does no damage. Ijyb barely misses you.
The iron imp misses you. Natasha claws you.
You closely miss Ijyb.
Ijyb is almost dead.
Ijyb hits you. The iron imp closely misses you. You furiously retaliate!
You headbutt the iron imp. Natasha claws you.
* * * LOW HITPOINT WARNING * * *
Ijyb hits you.
* * * LOW HITPOINT WARNING * * *
You completely miss Ijyb.
Ijyb is almost dead.
You feel sick. Natasha claws you.
* * * LOW HITPOINT WARNING * * *
The iron imp completely misses you. Ijyb hits you.
* * * LOW HITPOINT WARNING * * *
You punch Ijyb!
You kill Ijyb!
Natasha casts a spell.
The crimson imp blinks!
The iron imp closely misses you. Natasha closely misses you.
The crimson imp disappears in a puff of smoke!
You see here 2 gold pieces.
It was a potion of brilliance.
You feel clever all of a sudden.
* * * LOW HITPOINT WARNING * * *
You feel sick. The iron imp hits you!
You die...

#. .... #. .#.# #.
.#.### #.##.....#
##.....$#.# #
.§...§...#
#.#########......# ..
#...........5[.#
#.########.).#..@#....#
.........#...#...#...##
#.......#.#.##.##..5..
#.......#.#....#
.####.#
#.......#.###### .# #
#.........# .#
.#....>..### .#
...#....## ........##


You could see an iron imp.

Vanquished Creatures
  An orc priest (D:3)
  Ijyb (D:3)
  Jessica (D:3)
  A gnoll (D:1)
  4 adders
  An ooze (D:3)
  3 leopard geckos
  4 orcs (D:3)
  A ball python (D:1)
  6 bats
  5 giant cockroaches
  7 hobgoblins
  2 jackals (D:1)
  8 kobolds
  4 quokkas
  5 frilled lizards
  6 goblins
  8 rats
68 creatures vanquished.

Notes
Turn   | Place    | Note
-------+----------+-------------------------------------------
     0 | D:1      | sankara the Minotaur Transmuter began the quest for the
                  | Orb.
     0 | D:1      | Reached XP level 1. HP: 16/16 MP: 1/1
   490 | D:1      | Reached XP level 2. HP: 23/23 MP: 0/3
   663 | D:1      | Reached skill level 4 in Unarmed Combat
   663 | D:1      | Reached skill level 2 in Transmutations
   901 | D:1      | Reached XP level 3. HP: 24/28 MP: 2/4
   940 | D:1      | Learned a level 2 spell: Sticks to Snakes
  1365 | D:2      | Found a glowing silver altar of Zin.
  1366 | D:2      | Found an opulent altar of Gozag.
  1786 | D:2      | Found a radiant altar of Vehumet.
  1818 | D:2      | Noticed a +0 dagger
  1837 | D:2      | Noticed a +4 hand axe
  1841 | D:2      | Found a hide-covered altar of Uskayaw.
  2011 | D:2      | Reached XP level 4. HP: 29/35 MP: 1/5
  2014 | D:2      | Reached skill level 5 in Unarmed Combat
  2356 | D:3      | Noticed Jessica
  2362 | D:3      | Killed Jessica
  2470 | D:3      | Reached XP level 5. HP: 40/41 MP: 6/6
  2473 | D:3      | Reached skill level 2 in Fighting
  2573 | D:3      | Found a faded altar of an unknown god.
  2636 | D:3      | Noticed Ijyb
  2665 | D:3      | Noticed Natasha
  2679 | D:3      | HP: 5/41 [Natasha (6)]
  2680 | D:3      | Killed Ijyb
  2682 | D:3      | HP: 2/41 [poisoned by an adder]
  2682 | D:3      | Mangled by an iron imp

Skill      XL: |  1  2  3  4  5 |
---------------+----------------+-----
Unarmed Combat | 4 5 |  5.5
Transmutations | 2 |  2.8
Fighting       | 2 |  2.1
Dodging        | |  2.7
Spellcasting   | |  1.3

Action                   |  1- 3 |  4- 6 || total
-------------------------+-------+-------++-------
Melee: Unarmed           |    92 |    52 ||   144
       Kick              |    11 |     8 ||    19
       Headbutt          |     6 |     6 ||    12
       Punch             |     1 |     2 ||     3
Throw: Stone             |     7 |       ||     7
       Javelin           |       |     1 ||     1
 Cast: Beastly Appendage |    25 |     8 ||    33
       Sticks to Snakes  |       |     1 ||     1
  Use: Potion            |       |     1 ||     1
  Eat: Chunk             |     4 |     3 ||     7
Armor: Robe              |    14 |    10 ||    24
Dodge: Dodged            |    68 |    44 ||   112

Levels and vault maps discovered:
D:1:      sevenhm_arrival_forest_fort_small_6, layout_rooms,
          serial_corexii_hall, corexii_hall_statues_x, corexii_hall_statues_l
D:2:      minmay_razor_zed, layout_rooms, grunt_temple_overflow_gold_and_silver,
          dancing_weapons_uskayaw, fiery_altar_vehumet, first_ration,
          chequers_serial_rivers_micro_e
D:3:      layout_basic, chequers_ecumenical_altar_island, uniq_natasha,
          uniq_ijyb, uniq_jessica

Table legend:
 A = Turns spent in this place as a percentage of turns spent in the entire game.
 B = Non-inter-level travel turns spent in this place as a percentage of non-inter-level travel turns spent in the entire game.
 C = Inter-level travel turns spent in this place as a percentage of turns spent in this place.
 D = Turns resting spent in this place as a percentage of non-inter-level travel turns spent in this place.
 E = Turns spent auto-exploring this place as a percentage of non-inter-level travel turns spent in this place.
 F = Non-inter-level travel turns spent in this place divided by the number of levels of this place that you've seen.
                   A       B       C       D       E      F
               +-------+-------+-------+-------+-------+----------------------
         Total | 100.0 | 100.0 |   2.6 |  38.2 |  40.2 | 871.0
       Dungeon | 100.0 | 100.0 |   2.6 |  38.2 |  40.2 | 871.0
               +-------+-------+-------+-------+-------+----------------------

Table legend:
 A = Kills in this place as a percentage of kills in entire the game.
 B = Kills by you in this place as a percentage of kills by you in the entire game.
 C = Kills by friends in this place as a percentage of kills by friends in the entire game.
 D = Other kills in this place as a percentage of other kills in the entire game.
 E = Experience gained in this place as a percentage of experience gained in the entire game.
 F = Experience gained in this place divided by the number of levels of this place that you have seen.
                   A       B       C       D       E      F
               +-------+-------+-------+-------+-------+----------------------
         Total | 100.0 | 100.0 |   N/A |   N/A | 100.0 |  93.0
       Dungeon | 100.0 | 100.0 |   N/A |   N/A | 100.0 |  93.0
               +-------+-------+-------+-------+-------+----------------------
